[Event "Marshall CC U2400 October 2024"]
[Site "New York"]
[Date "2024.10.20"]
[Round "4.9"]
[White "Solomon, Ciprian"]
[Black "Loh, Summer"]
[Result "1-0"]
[ECO "D11"]
[WhiteElo "1905"]
[BlackElo "1700"]
[Annotator "RC"]
[PlyCount "119"]
[EventDate "2024.04.20"]
[EventType "swiss"]
[EventCountry "USA"]
[SourceTitle "playchess.com"]
[Source "ChessBase"]
[SourceQuality "1"]
[TimeControl "5400+30"]

1. c4 c6 2. Nf3 d5 3. e3 Nf6 4. d4 dxc4 5. Bxc4 e6 6. O-O a6 7. Nc3 Be7 8. e4 b5 9. Bd3 O-O 10. Bg5 Nbd7 11. Rc1 Bb7 12. e5 Nd5 13. Bxe7 Qxe7 14. Ne4 Rad8 15. Nd6 Ba8 16. a3 f6 17. Qc2 f5 18. b4 N7b6 19. g3 Nc8 20. Nxc8 Rxc8 21. Nd2 Qg5 22. f4 Qg4 23. Rce1 Qh3 24. Nf3 h6 25. Rf2 c5 26. dxc5 Rfd8 27. Bf1 Qg4 28. Bg2 g5 29. fxg5 hxg5 30. Qc1 f4 31. Rd1 Ne3 32. Re1 Nxg2 33. Kxg2 Rd3 34. Ref1 fxg3 35. hxg3 Qf5 36. Kg1 Qg4 37. Kg2 Qh5 38. Kg1 g4 39. Rh2 Qg6 40. Rh6 Qg7 41. Qg5 Qxg5 42. Nxg5 Rxg3+ 43. Kf2 Rxa3 44. Rg6+ Kh8 45. Rd1 Rf8+ 46. Rf6 Rxf6+ 47. exf6 g3+ 48. Kg1 Bd5 49. f7 Kg7 50. Rf1 Bf3 51. c6 Kf8 52. Rxf3 Ra1+ 53. Kg2 Rc1 54. Nxe6+ Ke7 55. f8=Q+ Kxe6 56. Qh6+ Kd5 57. Qxc1 Kd6 58. Qc5+ Kc7 59. Rf7+ Kc8 60. Qf8# 1-0

[Event "Marshall CC U2400 October 2024"]
[Site "New York"]
[Date "2024.10.20"]
[Round "4.10"]
[White "Dalhouse, Justin"]
[Black "Sen, Samant Robert"]
[Result "1-0"]
[ECO "B07"]
[WhiteElo "1904"]
[BlackElo "1739"]
[Annotator "RC"]
[PlyCount "119"]
[EventDate "2024.04.20"]
[EventType "swiss"]
[EventCountry "USA"]
[SourceTitle "playchess.com"]
[Source "ChessBase"]
[SourceQuality "1"]
[TimeControl "5400+30"]

1. e4 d6 2. d4 Nf6 3. Nc3 Nbd7 4. f4 e5 5. Nf3 exd4 6. Qxd4 c5 7. Qd2 Nb6 8. b3 Be7 9. Bb2 Be6 10. Bb5+ Bd7 11. Bd3 Bc6 12. O-O O-O 13. Rae1 Re8 14. Nd1 d5 15. Bxf6 Bxf6 16. e5 Be7 17. c3 c4 18. Bb1 cxb3 19. axb3 Bc5+ 20. Kh1 g6 21. f5 Qd7 22. e6 fxe6 23. Ne5 Qg7 24. f6 Qf8 25. f7+ Kh8 26. Bxg6 Red8 27. Bxh7 Qg7 28. Bc2 d4 29. Ng6+ Kh7 30. Qd3 Bxg2+ 31. Kxg2 Qh6 32. Qg3 d3 33. Bxd3 Rxd3 34. Qxd3 Qxg6+ 35. Qxg6+ Kxg6 36. b4 Bf8 37. Rxe6+ Kg7 38. Re8 a5 39. Rxa8 Nxa8 40. bxa5 Nc7 41. Ne3 Ne6 42. Nc4 Nc5 43. Ne5 Be7 44. h4 Ne6 45. Nd7 Bd6 46. f8=Q+ Nxf8 47. Nxf8 Bxf8 48. Rb1 Kf6 49. Rxb7 Bc5 50. a6 Kg6 51. a7 Bxa7 52. Rxa7 Kh5 53. Kg3 Kg6 54. Kg4 Kh6 55. Ra6+ Kg7 56. Kg5 Kh7 57. Ra7+ Kg8 58. Kf6 Kh8 59. Kg6 Kg8 60. Ra8# 1-0

[Event "Marshall CC U2400 October 2024"]
[Site "New York"]
[Date "2024.10.21"]
[Round "5.1"]
[White "Sarkar, Justin"]
[Black "Berg, George"]
[Result "1-0"]
[ECO "B90"]
[WhiteElo "2275"]
[BlackElo "1962"]
[Annotator "RC"]
[PlyCount "41"]
[EventDate "2024.04.20"]
[EventType "swiss"]
[EventCountry "USA"]
[SourceTitle "playchess.com"]
[Source "ChessBase"]
[SourceQuality "1"]
[TimeControl "5400+30"]

1. e4 c5 2. Nf3 d6 3. d4 cxd4 4. Nxd4 Nf6 5. Nc3 a6 6. Be3 e5 7. Nb3 Be6 8. h3 b5 9. a4 b4 10. Nd5 Nbd7 11. a5 Nxe4 12. Nxb4 Bxb3 13. cxb3 Nec5 14. Nd5 g6 15. b4 Ne6 16. b5 axb5 17. Bxb5 Bg7 18. Nb6 Nef8 19. Qxd6 Ra7 20. Nxd7 Rxd7 21. a6 1-0

[Event "Marshall CC U2400 October 2024"]
[Site "New York"]
[Date "2024.10.21"]
[Round "5.2"]
[White "Paragua, Megan Althea"]
[Black "Bonin, Jay"]
[Result "0-1"]
[ECO "B13"]
[WhiteElo "2190"]
[BlackElo "2131"]
[Annotator "RC"]
[PlyCount "148"]
[EventDate "2024.04.20"]
[EventType "swiss"]
[EventCountry "USA"]
[SourceTitle "playchess.com"]
[Source "ChessBase"]
[SourceQuality "1"]
[TimeControl "5400+30"]

1. e4 c6 2. d4 a6 3. Nf3 d5 4. exd5 cxd5 5. c4 Nf6 6. Nc3 Nc6 7. c5 g6 8. Na4 Bg4 9. Nb6 Ra7 10. Be2 Bxf3 11. Bxf3 Bg7 12. O-O O-O 13. Be3 e6 14. Qd2 a5 15. a3 a4 16. Rfd1 Nd7 17. Nxd7 Qxd7 18. Be2 Na5 19. Qb4 Nb3 20. Rab1 Qc7 21. Rd3 e5 22. dxe5 Qxe5 23. f4 Qe7 24. Bd1 d4 25. Bxb3 dxe3 26. Bc4 Raa8 27. Re1 Rad8 28. Qxa4 e2 29. Rxd8 Qxc5+ 30. Kh1 Rxd8 31. Bxe2 Bxb2 32. Bf3 b5 33. Qa5 Rc8 34. Qb4 Qf2 35. Rd1 Rc1 36. Rxc1 Bxc1 37. h3 Qf1+ 38. Kh2 Be3 39. Qd6 h5 40. Qd8+ Kg7 41. Qd1 Bxf4+ 42. g3 Qf2+ 43. Bg2 Qxg3+ 44. Kg1 Be5 45. Qb1 Qe3+ 46. Kh1 Qxa3 47. Qxb5 Qg3 48. Kg1 g5 49. Qe2 g4 50. hxg4 hxg4 51. Qe4 Bf4 52. Qd4+ Kg6 53. Kf1 Be3 54. Qe4+ Kh6 55. Qc6+ Kg5 56. Qd5+ Kf6 57. Qc6+ Kg7 58. Qc3+ f6 59. Qb2 Qf4+ 60. Ke1 Bd4 61. Qd2 Qe5+ 62. Kd1 Kg6 63. Qe2 Kg5 64. Qxe5+ Bxe5 65. Ke2 f5 66. Bb7 Kh4 67. Kf2 Kh3 68. Kg1 f4 69. Kf2 Bd4+ 70. Kf1 f3 71. Bc8 Kg3 72. Bd7 Kf4 73. Be6 g3 74. Bh3 Bc5 0-1

[Event "Marshall CC U2400 October 2024"]
[Site "New York"]
[Date "2024.10.21"]
[Round "5.3"]
[White "Knowles, Chase"]
[Black "Tao, Jeremy"]
[Result "1-0"]
[ECO "A09"]
[WhiteElo "1966"]
[BlackElo "1832"]
[Annotator "RC"]
[PlyCount "73"]
[EventDate "2024.04.20"]
[EventType "swiss"]
[EventCountry "USA"]
[SourceTitle "playchess.com"]
[Source "ChessBase"]
[SourceQuality "1"]
[TimeControl "5400+30"]

1. Nf3 d5 2. c4 d4 3. b4 c5 4. Bb2 Qb6 5. a3 a5 6. b5 Bg4 7. g3 Bxf3 8. exf3 Nd7 9. d3 Qe6+ 10. Qe2 Ne5 11. Kd2 g6 12. f4 Bh6 13. Bg2 Rb8 14. Re1 Ng4 15. Qxe6 fxe6 16. Bh3 Nxh2 17. Rh1 e5 18. Rxh2 exf4 19. Kc2 fxg3 20. fxg3 e5 21. Nd2 Bg7 22. Re1 Ke7 23. Nf3 Kd6 24. Ng5 Ke7 25. Ne6 Bf6 26. Nxc5 Kd6 27. Ne4+ Ke7 28. a4 Bg7 29. Ba3+ Kd8 30. Ng5 Ke8 31. Nf3 Nh6 32. Nxe5 Kd8 33. Rhe2 Kc7 34. Nf3 Bf6 35. Re6 Rbf8 36. b6+ Kd8 37. Rd6# 1-0

[Event "Marshall CC U2400 October 2024"]
[Site "New York"]
[Date "2024.10.21"]
[Round "5.4"]
[White "Miller, Rachel"]
[Black "Wang, Connor Junda"]
[Result "0-1"]
[ECO "B40"]
[WhiteElo "1914"]
[BlackElo "1851"]
[Annotator "RC"]
[PlyCount "64"]
[EventDate "2024.04.20"]
[EventType "swiss"]
[EventCountry "USA"]
[SourceTitle "playchess.com"]
[Source "ChessBase"]
[SourceQuality "1"]
[TimeControl "5400+30"]

1. e4 c5 2. Nf3 e6 3. g3 a6 4. Bg2 b5 5. O-O Bb7 6. Re1 d6 7. d4 cxd4 8. Nxd4 Qc7 9. a4 bxa4 10. Rxa4 Nf6 11. Nc3 Nbd7 12. e5 dxe5 13. Ndb5 axb5 14. Rxa8+ Bxa8 15. Bxa8 Bc5 16. Be3 O-O 17. Bg2 Bxe3 18. Rxe3 b4 19. Nb5 Qb6 20. Nd6 h6 21. Nc4 Qd4 22. Qe2 Rc8 23. Nxe5 Nxe5 24. Rxe5 Qxb2 25. Rxe6 Qb1+ 26. Qe1 Qxc2 27. Rb6 b3 28. Qb4 Qd1+ 29. Bf1 Rc1 30. Qb5 b2 31. Rxf6 Qxf1+ 32. Qxf1 Rxf1+ 0-1

[Event "Marshall CC U2400 October 2024"]
[Site "New York"]
[Date "2024.10.21"]
[Round "5.5"]
[White "Schaefer, Sasha Milo"]
[Black "Solomon, Ciprian"]
[Result "1-0"]
[ECO "A47"]
[WhiteElo "1850"]
[BlackElo "1905"]
[Annotator "RC"]
[PlyCount "131"]
[EventDate "2024.04.20"]
[EventType "swiss"]
[EventCountry "USA"]
[SourceTitle "playchess.com"]
[Source "ChessBase"]
[SourceQuality "1"]
[TimeControl "5400+30"]

1. h3 Nf6 2. d4 b6 3. Nf3 Bb7 4. Bf4 e6 5. e3 d5 6. Bd3 Bd6 7. Bxd6 Qxd6 8. Nbd2 Nbd7 9. O-O a6 10. c3 c5 11. a4 O-O 12. Qe2 e5 13. dxe5 Nxe5 14. Rfd1 Nxd3 15. Qxd3 Rfd8 16. b3 g6 17. Ne1 Qe7 18. Nc2 a5 19. Na3 Nd7 20. Nb5 Ne5 21. Qf1 Rac8 22. Na7 Ra8 23. Nb5 Ba6 24. Re1 Qd7 25. f4 Nc6 26. Rad1 Qf5 27. c4 Bxb5 28. axb5 Nb4 29. cxd5 Qxd5 30. Nc4 Qe6 31. Qf3 a4 32. Rd6 Qe7 33. bxa4 Rxa4 34. Nxb6 Qxd6 35. Nxa4 Qd2 36. Qe2 Qd5 37. Nb2 Qb3 38. Rc1 Nd3 39. Nxd3 Rxd3 40. Rxc5 Rxe3 41. Qc2 Re1+ 42. Kh2 Qe6 43. Qc3 f6 44. Rc6 Re3 45. Rxe6 Rxc3 46. Rxf6 Kg7 47. Rc6 Rb3 48. Rc7+ Kf6 49. Rc5 h5 50. g4 h4 51. Rc6+ Kf7 52. b6 Rb2+ 53. Kg1 Rb3 54. Rc7+ Ke6 55. b7 Kd5 56. Kf2 Ke4 57. Rf7 Rb2+ 58. Ke1 Kf3 59. f5 g5 60. f6 Kg3 61. Re7 Kxh3 62. f7 Kg2 63. f8=Q h3 64. Re2+ Rxe2+ 65. Kxe2 h2 66. Qf3+ 1-0

[Event "Marshall CC U2400 October 2024"]
[Site "New York"]
[Date "2024.10.21"]
[Round "5.6"]
[White "Zhao, Austin"]
[Black "Goodrich, Elliott"]
[Result "0-1"]
[ECO "C65"]
[WhiteElo "1756"]
[BlackElo "1851"]
[Annotator "NA RC"]
[PlyCount "116"]
[EventDate "2024.04.20"]
[EventType "swiss"]
[EventCountry "USA"]
[SourceTitle "playchess.com"]
[Source "ChessBase"]
[SourceQuality "1"]
[TimeControl "5400+30"]

1. e4 e5 2. Nf3 Nc6 3. Bb5 Nf6 4. d3 Bc5 5. c3 d6 6. O-O O-O 7. Nbd2 {[%emt 0:00:51] 7.h3 gains popularity.} a6 {[%emt 0:00:18] C65: Ruy Lopez: Berlin Defence (3...Nf6), unusual lines and 4 0-0 Bc5.} 8. Bxc6 bxc6 9. d4 exd4 10. cxd4 Bb6 11. h3 Re8 12. Re1 Bb7 $146 ({Predecessor:} 12... c5 13. d5 Ba5 14. Re2 Bxd2 15. Nxd2 Bd7 16. b3 c6 17. dxc6 Bxc6 18. f3 d5 {1-0 Bodnaruk,A (2431)-Tan,Z (2513) Hengshui IMSA blitz (Women) 2019 (22)}) 13. b3 c5 14. e5 Nd7 15. exd6 Rxe1+ 16. Qxe1 cxd6 17. Bb2 cxd4 18. Bxd4 Bxd4 19. Nxd4 Qg5 20. N2f3 Qf6 21. Rd1 Ne5 22. Qe3 h6 23. Nxe5 dxe5 24. Ne2 Rc8 25. Rc1 Rxc1+ 26. Qxc1 Qg6 27. Ng3 Qd3 28. Nf1 Qe4 29. Ne3 Qc6 30. Qxc6 Bxc6 31. Kf1 f6 32. Ke2 Kf7 33. Kd3 Ke6 34. Kc4 f5 35. Kc5 Bb5 ({Better is} 35... Ba8 $15 36. g3 f4) 36. Nc4 e4 37. a4 Bd7 38. Nb6 Be8 39. Nd5 Ke5 40. Nc7 Bf7 41. b4 f4 42. Nxa6 e3 43. fxe3 fxe3 44. b5 e2 45. Nb4 Bg6 46. Nc6+ Ke4 47. b6 e1=Q 48. b7 Qc3+ 49. Kb6 Be8 50. Na7 Qd4+ 51. Ka6 Qxa4+ 52. Kb6 Qd4+ 53. Ka6 Qd6+ 54. Ka5 Kd5 55. Nc8 Qc7+ 56. Ka6 Bb5+ 57. Ka7 Bc6 58. Nb6+ Kc5 0-1

[Event "Marshall CC U2400 October 2024"]
[Site "New York"]
[Date "2024.10.21"]
[Round "5.7"]
[White "Yoon, Jeremy K"]
[Black "Dalhouse, Justin"]
[Result "1/2-1/2"]
[ECO "D00"]
[WhiteElo "1728"]
[BlackElo "1904"]
[Annotator "RC"]
[PlyCount "103"]
[EventDate "2024.04.20"]
[EventType "swiss"]
[EventCountry "USA"]
[SourceTitle "playchess.com"]
[Source "ChessBase"]
[SourceQuality "1"]
[TimeControl "5400+30"]

1. d4 Nf6 2. Nc3 e6 3. Bf4 d5 4. Nb5 Na6 5. e3 Be7 6. Nf3 O-O 7. Bd3 Bd7 8. a4 Ne4 9. Ne5 c6 10. Nc3 Bb4 11. O-O Bxc3 12. bxc3 f6 13. Nxd7 Qxd7 14. Bxa6 bxa6 15. Qd3 c5 16. c4 Rac8 17. f3 Nd6 18. cxd5 exd5 19. Qxa6 Rc6 20. Qd3 cxd4 21. Qxd4 Nf5 22. Qd3 g5 23. Bg3 Rfc8 24. e4 Nxg3 25. hxg3 Rxc2 26. exd5 R2c5 27. Rad1 Rd8 28. d6 Rc6 29. Qe3 a6 30. Rfe1 Rxd6 31. Rxd6 Qxd6 32. Qe6+ Kg7 33. Qe7+ Kh6 34. Qe6 Kg6 35. Qe4+ Kh6 36. Kh2 Rb8 37. Qf5 Rb4 38. Re4 Rxe4 39. Qxe4 Kg7 40. Kg1 h5 41. Qb7+ Kh6 42. Qf7 a5 43. Kf2 g4 44. fxg4 hxg4 45. Qe8 Kg7 46. Qb5 Qd4+ 47. Kf1 Qd2 48. Qb7+ Kg6 49. Qb1+ Kg5 50. Qb5+ f5 51. Qe5 Qd3+ 52. Kf2 1/2-1/2

[Event "Marshall CC U2400 October 2024"]
[Site "New York"]
[Date "2024.10.21"]
[Round "5.8"]
[White "Gutnik, Aleksandr"]
[Black "Mehta, Naman"]
[Result "1-0"]
[ECO "C67"]
[WhiteElo "1944"]
[BlackElo "1677"]
[Annotator "RC"]
[PlyCount "109"]
[EventDate "2024.04.20"]
[EventType "swiss"]
[EventCountry "USA"]
[SourceTitle "playchess.com"]
[Source "ChessBase"]
[SourceQuality "1"]
[TimeControl "5400+30"]

1. e4 e5 2. Nf3 Nc6 3. Bb5 Nf6 4. O-O Nxe4 5. d4 exd4 6. Re1 f5 7. Nxd4 Be7 8. Nxf5 O-O 9. Qd5+ Kh8 10. Bxc6 Nf6 11. Qd3 dxc6 12. Nxe7 Qe8 13. Bd2 Qh5 14. Nxc8 Raxc8 15. h3 Rcd8 16. Qe2 Qc5 17. Be3 Qb4 18. c3 Qa5 19. Nd2 Qf5 20. Nf1 Nd5 21. Rad1 Rde8 22. Rd2 Rf6 23. c4 Nb6 24. b3 h6 25. Red1 Rfe6 26. Qg4 Qf7 27. Rd8 Kh7 28. Rxe8 Rxe8 29. Bxb6 cxb6 30. Rd7 Qf6 31. Qd4 Qg5 32. h4 Qg6 33. Qd3 Re1 34. Qxg6+ Kxg6 35. Rxb7 Ra1 36. Rxa7 Kh5 37. Rxg7 b5 38. cxb5 cxb5 39. Rb7 Kxh4 40. Rxb5 Rxa2 41. Rb4+ Kg5 42. g3 h5 43. Kg2 Ra5 44. Ne3 Rc5 45. f4+ Kf6 46. Rb6+ Kg7 47. Kf3 h4 48. gxh4 Rc7 49. Kg4 Kh8 50. f5 Rg7+ 51. Kf4 Rf7 52. Ng4 Rf8 53. Ke5 Rg8 54. Rh6+ Kg7 55. Rg6+ 1-0

[Event "Marshall CC U2400 October 2024"]
[Site "New York"]
[Date "2024.10.21"]
[Round "5.9"]
[White "Baranwal, Suvan"]
[Black "Han, Leqi"]
[Result "1-0"]
[ECO "B50"]
[WhiteElo "1794"]
[BlackElo "1681"]
[Annotator "NA RC"]
[PlyCount "53"]
[EventDate "2024.04.20"]
[EventType "swiss"]
[EventCountry "USA"]
[SourceTitle "playchess.com"]
[Source "ChessBase"]
[SourceQuality "1"]
[TimeControl "5400+30"]

1. e4 c5 2. Nf3 e6 3. c3 Nf6 4. Bd3 d6 5. Bc2 Be7 6. d4 cxd4 7. cxd4 Nbd7 8. Nc3 b6 9. e5 Nd5 10. Nxd5 exd5 11. O-O dxe5 12. dxe5 Nc5 13. b4 Ne4 14. Ba4+ Bd7 15. e6 Bxa4 16. Qxa4+ Kf8 17. exf7 Bf6 18. Ba3 Bxa1 19. Rxa1 Rc8 20. Ne5 Qe7 21. b5 Nc5 22. Qf4 Rc7 23. Re1 Qf6 24. Ng6+ hxg6 25. Qxc7 Qxf7 26. Qd8+ Qe8 27. Qxe8# 1-0

[Event "Marshall CC U2400 October 2024"]
[Site "New York"]
[Date "2024.10.21"]
[Round "5.10"]
[White "Alvarado-Yoshida, Nico"]
[Black "Fang, Arabella"]
[Result "0-1"]
[ECO "B22"]
[WhiteElo "1770"]
[BlackElo "1812"]
[Annotator "NA RC"]
[PlyCount "100"]
[EventDate "2024.04.20"]
[EventType "swiss"]
[EventCountry "USA"]
[SourceTitle "playchess.com"]
[Source "ChessBase"]
[SourceQuality "1"]
[TimeControl "5400+30"]

1. e4 c5 2. c3 d5 3. exd5 Qxd5 4. d4 Nf6 5. Nf3 Nc6 6. dxc5 Qxd1+ 7. Kxd1 Bf5 {[%emt 0:03:49] B22: Sizilianisch (Alapin 2.c3).} 8. b4 O-O-O+ 9. Ke1 g6 10. b5 Nb8 11. Ne5 Be6 12. a4 Ne4 ({Black should try} 12... Nd5 $11) 13. Ba3 (13. Be3 $14) 13... Bg7 14. f4 (14. Nd3 $1 $11 {remains equal.}) 14... Nd7 15. Nxd7 Rxd7 16. Bb4 Rhd8 17. Be2 Bb3 18. Rf1 Bc2 19. a5 Bxb1 20. Rxb1 Nd2 21. Rc1 Nxf1 22. Kxf1 Bh6 23. g3 e5 24. b6 axb6 25. cxb6 exf4 26. Ra1 fxg3 27. hxg3 Be3 28. c4 $1 Rd4 29. Rb1 (29. a6 $11 bxa6 30. Rxa6) 29... Bd2 30. Bc5 (30. a6 $11 bxa6 31. Bc5) 30... Re4 31. a6 bxa6 32. b7+ Kb8 33. Ba3 Ba5 34. c5 Rde8 35. Bxa6 Re1+ 36. Rxe1 Rxe1+ 37. Kf2 Ra1 38. Bb2 Ra2 39. c6 Rxb2+ 40. Ke3 Rb3+ 41. Ke4 Rxg3 42. Kd5 Bc7 43. Kc5 h5 44. Kb5 h4 45. Kc5 h3 46. Bc4 Rc3 47. Kb5 Rxc4 48. Kxc4 h2 49. Kb5 h1=Q 50. Ka6 Qxc6# 0-1